 Dungeon Crawl Stone Soup version 0.20.1-1-g8b1a95d (console) character file.

18 bli the Sneak (level 2, 0/16 HPs)
             Began as a Kobold Enchanter on Aug 15, 2017.
             Slain by a hobgoblin
             ... wielding a +0 club
              (3 damage)
             ... on level 2 of the Dungeon.
             The game lasted 00:03:12 (751 turns).

bli the Sneak (Kobold Enchanter)                     Turns: 751, Time: 00:03:12

Health: 0/16       AC:  2    Str:  5    XL:     2   Next: 90%
Magic:  5/5        EV: 15    Int: 16    God:
Gold:   81         SH:  0    Dex: 15    Spells: 4/5 levels left

rFire    . . .     SeeInvis .   a - +1 dagger
rCold    . . .     Gourm    .   (shield restricted)
rNeg     . . .     Faith    .   b - +0 robe
rPois    .         Spirit   .   (no helmet)
rElec    .         Reflect  .   (no cloak)
rCorr    .         Harm     .   (no gloves)
MR       .....                  (no boots)
Stlth    +++.......             (no amulet)
Regen    0.1/turn               (no ring)
MPRegen  0.1/turn               (no ring)

@: no status effects
A: carnivore 3
a: no special abilities


You were on level 2 of the Dungeon.
You were completely stuffed.

You visited 1 branch of the dungeon, and saw 2 of its levels.

You collected 81 gold pieces.

Inventory:

Hand Weapons
 a - a +1 dagger (weapon)
Missiles
 i - 9 stones (quivered)
Armour
 b - a +0 robe (worn)
 h - a +0 leather armour
Jewellery
 j - an uncursed ring of fire {unknown}
Scrolls
 e - a scroll of enchant armour {unknown}
 f - a scroll of blinking {unknown}
 k - a scroll of magic mapping {unknown}
Potions
 g - a potion of degeneration {unknown}
 l - a potion of mutation {unknown}
 m - 3 potions of lignification {unknown}
Books
 c - a book of Maledictions

   Spells                             Type                      Level
   a - Corona                         Hexes                        1
   b - Ensorcelled Hibernation        Hexes/Ice                    2
   c - Confuse                        Hexes                        3
   d - Tukima's Dance                 Hexes                        3
   e - Dazzling Spray                 Conjuration/Hexes            3
Comestibles
 d - 2 meat rations


   Skills:
 * Level 0.9 Fighting
 * Level 2.0 Short Blades
 + Level 2.8 Dodging
 - Level 4.0 Stealth
 + Level 2.2 Spellcasting
 + Level 3.3 Hexes


You had 4 spell levels left.
You knew the following spells:

 Your Spells              Type           Power        Failure   Level  Hunger
a - Corona                Hex            ##.....      5%          1    #......


Dungeon Overview and Level Annotations

Branches:
Dungeon (1/15)

Altars:


Innate Abilities, Weirdness & Mutations

You are small and have problems with some larger weapons.
You are carnivorous and can eat meat at any time.


Message History

The worm bites you!
Ouch! That really hurt!
* * * LOW HITPOINT WARNING * * *
You hit the worm.
The worm is lightly wounded.
You hit the worm but do no damage.
The worm is lightly wounded.
The worm misses you.
A hobgoblin comes into view. It is wielding a club.
The hobgoblin shouts!
Found 2 lumpy emerald potions.
A frilled lizard comes into view.
You see here 2 lumpy emerald potions.
m - 3 lumpy emerald potions (gained 2)
You completely miss the frilled lizard. The frilled lizard bites you.
* * * LOW HITPOINT WARNING * * *
You hit the frilled lizard.
You kill the frilled lizard!
You hit the hobgoblin but do no damage. The hobgoblin hits you with a club.
You die...

...#. ###. #####.... ....
......... ..... #.......#
..... #.......#......
....## ......#......
.....##......#..........
...♣.♣#......#...#
.....##......#..@# #
.♣.♣.♣#♣.....#..g######.#
..............###........
.♣.♣.♣#♣....w.###........
..............g..........
...♣.♣...................
....#......♣.P♣♣.........
....#######♣..P♣.........
...........♣.♣P♣.........
...........♣P............
##.........♣♣..♣.........


You could see a worm and a hobgoblin.

Vanquished Creatures
  A dart slug (D:1)
  A leopard gecko (D:1)
  4 bats (D:1)
  2 goblins (D:1)
  A hobgoblin (D:2)
  A kobold (D:1)
  A ball python (D:1)
  2 frilled lizards
  A rat (D:1)
14 creatures vanquished.

Notes
Turn   | Place    | Note
-------+----------+-------------------------------------------
     0 | D:1      | bli the Kobold Enchanter began the quest for the Orb.
     0 | D:1      | Reached XP level 1. HP: 10/10 MP: 3/3
   186 | D:1      | Reached XP level 2. HP: 11/16 MP: 5/5
   694 | D:1      | You fall through a shaft!
   751 | D:2      | Slain by a hobgoblin

Skill      XL: |  1  2 |
---------------+-------+-----
Short Blades   | 2 |  2.0
Fighting       | |  0.9
Dodging        | |  2.8
Stealth        | |  4.0
Spellcasting   | |  2.2
Hexes          | |  3.3

Action                   || total
-------------------------++-------
Melee: Dagger            ||    79
 Stab: Sleeping          ||     2
  Eat: Chunk             ||     8
Armor: Robe              ||    19
Dodge: Dodged            ||    75
